 Dungeon Crawl Stone Soup version 0.26-a0-935-g3624241d3c (webtiles) character file.

Game seed: 13188879213312937850

119 strifetoe the Chiller (level 4, -6/30 HPs)
             Began as a Demonspawn Ice Elementalist on Nov 26, 2020.
             Mangled by a wight
             ... wielding a +0 flail
              (8 damage)
             ... on level 2 of the Dungeon.
             The game lasted 00:04:40 (3675 turns).

strifetoe the Chiller (Demonspawn Ice Elementalist) Turns: 3675, Time: 00:04:41

Health: -6/30      AC:  7    Str:  8    XL:     4   Next: 74%
Magic:  6/7        EV: 11    Int: 18    God:
Gold:   55         SH:  0    Dex: 13    Spells: 0/7 levels left

rFire    . . .     SeeInvis .   k - +0 short sword
rCold    . . .     Faith    .   (no shield)
rNeg     . . .     Spirit   .   f - +0 leather armour
rPois    .         Reflect  .   (helmet restricted)
rElec    .         Harm     .   (no cloak)
rCorr    .         Rampage  .   g - +1 pair of gloves
MR       .....                  d - +1 pair of boots
Stlth    +.........             (no amulet)
HPRegen  0.10/turn              (no ring)
MPRegen  0.10/turn              (no ring)

@: heavily drained
A: horns 2
a: no special abilities


You were on level 2 of the Dungeon.
You visited 1 branch of the dungeon, and saw 4 of its levels.

You collected 55 gold pieces.

Inventory:

Hand Weapons
 i - a +0 whip
 k - a +0 short sword (weapon)
Armour
 d - a +1 pair of boots (worn)
 f - a +0 leather armour (worn)
 g - a +1 pair of gloves (worn)
Scrolls
 a - a scroll of enchant armour
 b - a scroll of amnesia
 c - a scroll of remove curse
 j - 2 scrolls of identify
 o - 2 scrolls of noise
Potions
 e - 2 potions of heal wounds
 h - a potion of haste {unknown}
 m - a potion of curing {unknown}
 n - a potion of flight {unknown}


   Skills:
 - Level 1.7(0.4) Dodging
 - Level 1.7(0.4) Stealth
 - Level 2.0(0.6) Spellcasting
 + Level 5.6(4.1) Ice Magic


You couldn't memorise any spells.
You knew the following spells:

 Your Spells              Type           Power        Failure   Level
a - Freeze                Ice            ###.         5%          1
b - Frozen Ramparts       Ice            ###...       17%         3
c - Ozocubu's Armour      Ice            ###.....     17%         3

Your spell library contained the following spells:

 Spells                   Type           Power        Failure   Level
 Hailstorm                Conj/Ice       #.......     78%         4
 Summon Ice Beast         Ice/Summ       #.......     78%         4


Dungeon Overview and Level Annotations

Branches:
Dungeon (4/15)
 Temple: D:4-7

Altars:

Annotations:
D:2 exclusion: downstairs


Innate Abilities, Weirdness & Mutations

You have a pair of horns on your head.


Message History

The wight is lightly damaged.
The wight barely misses you.
You hit the wight but do no damage.
The wight is lightly damaged.
The wight hits you with a +0 flail!
* * * LOW HITPOINT WARNING * * *
You feel drained.
* * * LOW HITPOINT WARNING * * *
You hit the wight but do no damage.
The wight is lightly damaged.
You hit the wight.
The wight is lightly damaged.
The wight hits you with a +0 flail.
* * * LOW HITPOINT WARNING * * *
You feel drained.
* * * LOW HITPOINT WARNING * * *
You hit the wight but do no damage.
The wight is lightly damaged.
The wight hits you with a +0 flail!
You die...

###.########## #.# #. #...#
########.# #. #.### #........#
#. #.# #.###################
#. #.# #.#....# #.........# #.
#.# #.#.##.# #.#######.####
#.# #.#.##.# #...[.........
#.# #......##########.#.####
#.# #.#.>..@z..>......#.#
#.##########################.#
#............................#
##############################


You could see a wight.

Vanquished Creatures
  5 adders
  A shadow imp (D:3)
  A worm (D:3)
  2 dart slugs (D:2)
  5 orcs
  6 bats
  A giant cockroach (D:3)
  6 goblins
  2 hobgoblins
  3 jackals (D:2)
  13 kobolds
  A ball python (D:3)
  4 frilled lizards
  4 rats
54 creatures vanquished.

Notes
Turn   | Place    | Note
-------+----------+-------------------------------------------
     0 | D:1      | strifetoe the Demonspawn Ice Elementalist began the quest
                  | for the Orb.
     0 | D:1      | Reached XP level 1. HP: 13/13 MP: 3/3
   444 | D:1      | Reached skill level 4 in Ice Magic
   470 | D:1      | Gained mutation: You have a pair of small horns on your
                  | head. [demonic ancestry]
   470 | D:1      | Reached XP level 2. HP: 19/19 MP: 1/5
  1395 | D:2      | Reached XP level 3. HP: 21/24 MP: 6/6
  1399 | D:2      | Learned a level 3 spell: Frozen Ramparts
  2205 | D:2      | Reached skill level 5 in Ice Magic
  2544 | D:3      | Gained mutation: You have a pair of horns on your head.
                  | [demonic ancestry]
  2544 | D:3      | Reached XP level 4. HP: 14/30 MP: 5/7
  3064 | D:3      | Learned a level 3 spell: Ozocubu's Armour
  3675 | D:2      | Mangled by a wight

Illustrated notes

Levels and vault maps discovered:
D:1:      dpeg_arrival_yet_another_circle, layout_loops_ring
D:2:      layout_basic, minmay_goblin_kobold_house
D:3:      layout_basic
D:4:      layout_loops_ring, serial_shops, shop_fountains, kennysheep_boxes,
          uniq_eustachio, uniq_pikel

Skill      XL: |  1  2  3 |
---------------+----------+-----
Ice Magic      | 4 5 |  5.6
Dodging        | |  1.7
Stealth        | |  1.7
Spellcasting   | |  2.0

Action                   |  1- 3 |  4- 6 || total
-------------------------+-------+-------++-------
Melee: Unarmed           |    18 |       ||    18
       Whip              |    32 |       ||    32
       Short sword       |    59 |    68 ||   127
       Headbutt          |     4 |    12 ||    16
 Cast: Freeze            |    23 |     7 ||    30
       Frozen Ramparts   |     1 |     2 ||     3
  Use: Scroll            |     7 |       ||     7
 Stab: Sleeping          |     3 |       ||     3
Armor: Leather armour    |    32 |    27 ||    59
       Robe              |     8 |       ||     8
Dodge: Dodged            |    77 |    53 ||   130

Table legend: (Time is in decaauts)
 A = Elapsed time spent in this place.
 B = Non-inter-level travel time spent in this place.
 C = Inter-level travel time spent in this place.
 D = Time resting spent in this place.
 E = Time spent auto-exploring this place.
 F = Levels seen in this place.
 G = Mean time per level.
                   A        B        C        D        E       F      G
               +--------+--------+--------+--------+--------+-----+--------+
         Total |   3691 |   3502 |    189 |    574 |   2312 |   4 |  922.8 |
       Dungeon |   3691 |   3502 |    189 |    574 |   2312 |   4 |  922.8 |
               +--------+--------+--------+--------+--------+-----+--------+

Top non-repeatable levels by time:
     D:2: 1312 daAuts
     D:1: 1239 daAuts
     D:3: 1137 daAuts
     D:4: 1 daAuts
